 Dungeon Crawl Stone Soup version 0.29.1-15-g9cfb28693d (webtiles) character file.

Game seed: 6088954283022080392

3218 hawla the Thaumaturge (level 10, -18/73 HPs)
             Began as a Meteoran Ice Elementalist on Feb 22, 2023.
             Was a Follower of Vehumet.
             Demolished by a skeletal warrior
             ... wielding a +0 short sword
              (23 damage)
             ... on level 9 of the Dungeon.
             The game lasted 00:13:02 (2801 turns).

hawla the Thaumaturge (Meteoran Ice Elementalist)   Turns: 2801, Time: 00:13:03

Health: -18/73     AC:  2    Str:  9    XL:     10   Next: 40%
Magic:  18/24      EV: 13    Int: 23    God:    Vehumet [*.....]
Gold:   152        SH:  0    Dex: 16    Spells: 14/27 levels left

rFire   + + .      SeeInvis .   r - +8 rapier of Honesty {freeze, rF+ Int+2}
rCold   . . .      Faith    .   (no shield)
rNeg    . . .      Spirit   .   a - +0 robe
rPois   .          Reflect  .   (no helmet)
rElec   .          Harm     .   (no cloak)
rCorr   .          Rampage  .   (no gloves)
Will    +....                   (no boots)
Stlth   +.........              h - amulet of regeneration
HPRegen 1.82/turn               s - ring of protection from fire
MPRegen 0.19/turn               (no ring)

@: freezing walls, glowing
A: sense surroundings 2, otherworldly, glowing, explore regen, regeneration 1
a: Renounce Religion


You were on level 9 of the Dungeon.
You worshipped Vehumet.
Vehumet was aware of your devotion.
You visited 2 branches of the dungeon, and saw 10 of its levels.

You collected 217 gold pieces.
You spent 65 gold pieces at shops.

Inventory:

Hand Weapons
 r - the +8 rapier of Honesty (weapon) {freeze, rF+ Int+2}
   (You found it on level 6 of the Dungeon)

   It freezes those it strikes, dealing additional cold damage.
   It can also slow down cold-blooded creatures.
   Int:       It affects your intelligence (+2).
   rF:        It protects you from fire.
Armour
 a - a +0 robe (worn)
Magical Staves
 k - a staff of fire
Jewellery
 h - an amulet of regeneration (around neck)
 s - a ring of protection from fire (left hand)
Wands
 c - a wand of quicksilver (3) (quivered)
 f - a wand of flame (25)
Scrolls
 g - 2 scrolls of teleportation
 m - 2 scrolls of torment {unknown}
 o - a scroll of enchant armour {unknown}
 p - a scroll of vulnerability {unknown}
 q - 2 scrolls of noise {unknown}
 t - a scroll of acquirement {unknown}
 u - a scroll of identify
 v - a scroll of silence
 x - 2 scrolls of fog {unknown}
Potions
 b - a potion of flight {unknown}
 d - 3 potions of haste
 e - 2 potions of berserk rage {unknown}
 i - 3 potions of curing
 j - 2 potions of attraction
 l - a potion of lignification {unknown}
 n - a potion of ambrosia
 w - a potion of degeneration {unknown}


   Skills:
 - Level 2.0 Fighting
 - Level 4.9 Short Blades
 - Level 0.3 Staves
 - Level 3.8 Dodging
 - Level 1.4 Stealth
 - Level 9.2 Spellcasting
 - Level 6.3 Conjurations
 + Level 1.5 Hexes
 - Level 3.0 Fire Magic
 - Level 9.1 Ice Magic
 - Level 3.0 Evocations


You had 14 spell levels left.
You knew the following spells:

 Your Spells              Type           Power      Damage    Failure   Level
a - Freeze                Ice            100%       1d11      1%          1
b - Frozen Ramparts       Ice            100%       1d16      1%          3
c - Hailstorm             Conj/Ice       46%        3d11      2%          4
d - Metabolic Englaciati  Hex/Ice        17%        N/A       19%         5

Your spell library contained the following spells:

 Spells                   Type           Power      Damage    Failure   Level
 Shock                    Conj/Air       100%       1d9       1%          1
 Ozocubu's Armour         Ice            51%        N/A       1%          3
 Simulacrum               Ice/Necr       15%        N/A       82%         6


Dungeon Overview and Level Annotations

Branches:
Dungeon (9/15) Zot: 2796   Temple (1/1) D:7 Zot: 400    Lair (0/5) D:9
    Orc: D:9-12

Altars:
Ashenzari
Cheibriados
Dithmenos
Fedhas
Gozag
Hepliaklqana
Kikubaaqudgha
Nemelex Xobeh
Okawaru
Ru
Uskayaw
Vehumet
Wu Jian
Xom
Yredelemnul
Zin
The Shining One

Shops:
D:4 [![(


Innate Abilities, Weirdness & Mutations

You passively map the area around you.
You are easily found by Zot.
You glow in the dark.
You regain HP and MP as you explore.
Your natural rate of healing is unusually fast.


Message History

The skeletal warrior attacks as you move away!
The skeletal warrior hits you with a +2 flail of protection!
There is an escape hatch in the floor here.
The skeletal warrior hits you with a +0 short sword!
You slide downwards.
The hatch slams shut behind you.
The troll shouts!
You hear an angry hiss.
Casting: Hailstorm (dangerous; 2% risk of failure)
Confirm with . or Enter, or press ? or * to list all spells.
Casting: Frozen Ramparts (safe; 1% risk of failure)
Press: ? - help, Dir - look around, f - activate The walls around you are covered in ice.
The wall freezes the skeletal warrior but does no damage.
The skeletal warrior barely misses you.
The wall freezes the troll!
The troll completely misses you. The troll claws you! The troll misses you.
You puncture the skeletal warrior!
You punch the skeletal warrior, but do no damage.
The skeletal warrior is moderately damaged.
The wall freezes the skeletal warrior but does no damage.
The skeletal warrior hits you with a +0 short sword!
You hit the skeletal warrior but do no damage.
The skeletal warrior is moderately damaged.
The wall freezes the troll!
The troll completely misses you. The troll claws you!
The troll completely misses you.
The skeletal warrior resists.
The wall freezes the skeletal warrior.
The skeletal warrior barely misses you.
Casting: Frozen Ramparts (safe; 1% risk of failure)
Confirm with . or Enter, or press ? or * to list all spells.
Aiming: Freeze (safe; 1% risk of failure)
Press: ? - help, Shift-Dir - straight line, f - troll
Aim: a troll (heavily wounded)
You freeze the troll!
The troll is almost dead.
The komodo dragon hisses angrily.
The wall freezes the troll.
The troll bites you!
* * * LOW HITPOINT WARNING * * *
The troll barely misses you. The troll claws you!
* * * LOW HITPOINT WARNING * * *
The skeletal warrior resists.
The wall freezes the skeletal warrior.
The skeletal warrior hits you with a +0 short sword!!
You die... , > * ##..PP...P# ##....PPlPP# ...P.PPPPP#

*,#...PPPPP#
* #....PPP#
* #....PPP#
#...zP# ,,
#T@.# ,,, ,
* #..##
...## * * ,
#..## , ,
.... ###.
*,* * #, , ,
, * * ,, **


You could see a skeletal warrior, a komodo dragon and a troll.

Vanquished Creatures
  A hornet (D:8)
  A wyvern (D:8)
  5 yaks (D:8)
  2 water moccasins
  3 orc warriors
  A black bear (D:6)
  3 sky beasts
  2 ogres (D:6)
  4 bullfrogs
  A kobold brigand (D:7)
  A necrophage (D:8)
  A gnoll sergeant (D:7)
  2 scorpions
  5 killer bees (D:8)
  A hound (D:7)
  A jelly (D:6)
  A gnoll bouda (D:7)
  2 orc priests (D:7)
  2 orc wizards (D:6)
  An adder (D:6)
  9 gnolls (D:7)
  A white imp (D:6)
  An ufetubus (D:6)
  15 orcs
  2 ball pythons
  2 endoplasms
  2 giant cockroaches
  2 goblins (D:4)
  3 jackals (D:1)
  8 kobolds
  A frilled lizard (D:1)
  A rat (D:2)
87 creatures vanquished.

Notes
Turn   | Place    | Note
-------+----------+-------------------------------------------
     0 | D:1      | hawla the Meteoran Ice Elementalist began the quest for the
                  | Orb.
     0 | D:1      | Reached XP level 1. HP: 14/14 MP: 5/5
    77 | D:1      | Reached XP level 2. HP: 4/20 MP: 4/6
   206 | D:4      | Found Najosch's Antique Weapon Boutique.
   235 | D:4      | Found Botuarax's Armour Shoppe.
   268 | D:4      | Reached skill level 5 in Ice Magic
   268 | D:4      | Reached XP level 3. HP: 11/26 MP: 4/8
   313 | D:4      | Found Qopeph's Distillery.
   339 | D:4      | Bought a potion of heal wounds for 65 gold pieces
   496 | D:4      | Learned a level 3 spell: Frozen Ramparts
   757 | D:4      | Found Voplek's Antique Armour Boutique.
   941 | D:5      | Entered Level 5 of the Dungeon
   947 | D:5      | Gained mutation: Your natural rate of healing is unusually
                  | fast. [potion of mutation]
   955 | D:5      | Noticed an ice beast
  1027 | D:6      | Noticed an ogre
  1031 | D:6      | Killed an ogre
  1032 | D:6      | Reached XP level 4. HP: 33/33 MP: 3/9
  1032 | D:6      | Reached XP level 5. HP: 38/38 MP: 3/10
  1049 | D:6      | Noticed an ogre
  1059 | D:6      | Killed an ogre
  1060 | D:6      | Reached XP level 6. HP: 20/45 MP: 3/12
  1116 | D:6      | Learned a level 4 spell: Hailstorm
  1223 | D:6      | Noticed a sky beast
  1230 | D:6      | Killed a sky beast
  1231 | D:6      | Reached XP level 7. HP: 51/51 MP: 5/14
  1235 | D:6      | Identified the +8 rapier of Honesty {freeze, rF+ Int+2}
  1321 | D:6      | Noticed a water moccasin
  1327 | D:6      | Killed a water moccasin
  1328 | D:6      | Reached skill level 5 in Conjurations
  1364 | D:6      | Reached skill level 1 in Short Blades
  1371 | D:6      | Reached XP level 8. HP: 54/58 MP: 7/15
  1949 | D:7      | Reached skill level 5 in Spellcasting
  1954 | D:7      | Reached skill level 1 in Fighting
  1998 | D:7      | Found a staircase to the Ecumenical Temple.
  2004 | D:7      | Gained mutation: You passively map the area around you.
                  | [Meteoran growth]
  2004 | D:7      | Reached XP level 9. HP: 29/64 MP: 2/17
  2007 | D:7      | HP: 1/64 [orc warrior/+0 battleaxe (11)]
  2014 | Temple   | Entered the Ecumenical Temple
  2203 | Temple   | Became a worshipper of Vehumet
  2330 | D:8      | Noticed a hornet
  2335 | D:8      | Killed a hornet
  2382 | D:8      | Found a glowing golden altar of the Shining One.
  2425 | D:8      | Reached XP level 10. HP: 73/73 MP: 3/22
  2678 | D:8      | Learned a level 5 spell: Metabolic Englaciation
  2687 | D:8      | Reached * piety under Vehumet
  2687 | D:8      | Offered knowledge of Shock by Vehumet.
  2688 | D:8      | Reached skill level 1 in Hexes
  2782 | D:8      | Noticed a skeletal warrior
  2783 | D:8      | Noticed a skeletal warrior
  2784 | D:8      | Noticed a skeletal warrior
  2784 | D:8      | Noticed a skeletal warrior
  2800 | D:9      | Noticed a komodo dragon
  2801 | D:9      | Demolished by a skeletal warrior

Illustrated notes

Levels and vault maps discovered:
D:1:      matt_arrival_los_fun, layout_basic, chequers_ecumenical_altar_twisty,
          minmay_misc_feat_x
D:2:      layout_basic
D:3:      layout_basic, nzn_overflow_gifts_of_might_and_magic,
          minmay_starry_boxes
D:4:      layout_basic, serial_shops, nicolae_shop_hallway_plus,
          nicolae_inconvenience_store, nicolae_shop_advertising_works
          [nicolae_subvault_shop_adworks], nicolae_shop_hallway_plus,
          hangedman_abyss_or_decor_stabs
D:5:      layout_cave_pools, gammafunk_ghost_stat_death, uniq_crazy_yiuf_cottage
D:6:      layout_cave_pods
D:7:      layout_basic, minmay_temple_entry_enclosed_plants
D:8:      layout_layer_cave, bloody_makhleb,
          mainiacjoe_overflow_surrounded_room, gammafunk_ghost_grave
D:9:      layout_loops_ring, nicolae_qazlal_style_of_elements,
          david_lair_shrubbed, minmay_st_funbox, lightli_orcish_oven
Temple:   eino_temple_rhombus

Skill      XL: |  1  2  3  4  5  6  7  8  9 10 |
---------------+-------------------------------+-----
Spellcasting   | 3 4 5 7 9 |  9.2
Ice Magic      | 5 6 8 9 |  9.1
Fire Magic     | 2 3 |  3.0
Evocations     | 2 3 |  3.0
Conjurations   | 2 5 6 |  6.3
Short Blades   | 2 4 |  4.9
Dodging        | 3 |  3.8
Fighting       | 1 2 |  2.0
Hexes          | 1 |  1.5
Staves         | |  0.3
Stealth        | |  1.4

Action                   |  1- 3 |  4- 6 |  7- 9 | 10-12 || total
-------------------------+-------+-------+-------+-------++-------
Melee: Unarmed           |     4 |       |       |       ||     4
       Staff             |    18 |     1 |       |       ||    19
       Rapier            |       |       |    38 |    12 ||    50
       Punch             |       |       |       |     1 ||     1
 Cast: Freeze            |    30 |    14 |    27 |    13 ||    84
       Frozen Ramparts   |     1 |     2 |    14 |     4 ||    21
       Hailstorm         |       |     1 |    18 |     7 ||    26
  Use: Potion            |     2 |       |     2 |       ||     4
       Scroll            |     8 |       |     2 |       ||    10
Armor: Robe              |     9 |     1 |     9 |     1 ||    20
Dodge: Dodged            |    23 |    11 |    44 |    20 ||    98
